Map: Dusk Towers

Players

LindyHop - Winner!

  • Race: Zerg Zerg
  • League: Platinum

A.I. 1 (Medium)

  • Race: Protoss Protoss

VOD

Have the link to the VOD?

Description

Time

  • Played on: Jan. 9, 2016, 1:58 p.m.
  • Length: 9:54
Show
View Real Time Build Order
Export as new Build Order

LindyHop Zerg - Winner!

Build Orders: Hatch First 

Get SALT Encoding   

  12  0:01  Drone  
  13  0:12  Overlord  
  13  0:17  Drone  
  14  0:30  Drone x2  
  16  0:41  Drone  
  17  0:55  Hatchery  
  16  0:59  Drone  
  16  1:03  Drone, Extractor  
  17  1:07  Drone  
  18  1:21  Spawning Pool  
  18  1:25  Drone  
  18  1:27  Drone  
  19  1:39  Overlord  
  19  1:51  Drone  
  20  2:07  Queen  
  20  2:08  Metabolic Boost, Queen  
  24  2:11  Zergling x2  
  24  2:12  Zergling x2  
  24  2:15  Drone  
  27  2:18  Drone  
  27  2:22  Drone  
  29  2:29  Overlord  
  29  2:40  Drone x2  
  31  2:44  Lair  
  31  2:49  Drone  
  31  2:50  Drone  
  33  3:09  Hatchery  
  32  3:20  Drone x3  
  32  3:21  Drone x3  
  32  3:22  Overlord  
  32  3:25  Extractor  
  37  3:27  Extractor  
  37  3:29  Drone x2  
  37  3:34  Drone x2  
  37  3:39  Drone  
  37  3:40  Drone  
  41  3:50  Drone x2  
  41  3:51  Drone x2  
  41  3:55  Drone x3  
  48  3:59  Overlord  
  47  4:09  Extractor  
  46  4:12  Queen  
  48  4:19  Drone x3  
  51  4:32  Overlord x2  
  51  4:36  Spire  
  50  4:40  Queen  
  50  4:41  Queen  
  54  4:57  Drone  
  54  4:58  Drone, Overlord x3  
  56  5:06  Drone x3  
  60  5:07  Drone x4  
  60  5:08  Drone x4  
  67  5:17  Extractor  
  66  5:21  Extractor  
  65  5:29  Overlord x2  
  65  5:38  Drone x3  
  68  5:47  Mutalisk x7  
  68  5:49  Mutalisk  
  82  5:51  Mutalisk  
  86  5:59  Mutalisk x2  
  86  6:00  Mutalisk  
  92  6:06  Zerg Flyer Weapons Level 1  
  92  6:20  Mutalisk x2  
  92  6:22  Zergling x4  
  92  6:23  Zergling x12  
  92  6:24  Hatchery  
  103  6:31  Mutalisk x2  
  107  6:34  Mutalisk  
  107  6:38  Drone x6  
  115  6:53  Mutalisk x3  
  121  7:02  Extractor  
  121  7:04  Extractor  
  119  7:10  Mutalisk  
  119  7:12  Overlord x4  
  119  7:13  Overlord  
  119  7:14  Drone  
  122  7:30  Drone x2  
  122  7:31  Drone, Overlord x3  
  122  7:33  Drone x3  
  122  7:34  Drone x2  
  130  7:38  Mutalisk x2  
  130  7:43  Overseer  
  130  7:44  Overseer  
  134  7:46  Infestation Pit  
  134  7:47  Drone x4  
  137  8:15  Mutalisk  
  137  8:16  Mutalisk x7  
  149  8:27  Zergling x14  
  149  8:33  Mutalisk x2  
  155  8:36  Mutalisk x2  
  155  8:38  Zergling x18  
  168  8:52  Mutalisk x2  
  172  8:56  Mutalisk x2  
  172  8:58  Zergling x2  
  172  8:59  Zergling x6  
  178  9:06  Mutalisk  
  178  9:07  Mutalisk x2  
  182  9:10  Mutalisk  
  182  9:15  Mutalisk  
  182  9:16  Zergling x4  
  182  9:17  Overlord x2, Zergling x2  
  189  9:18  Hatchery  
  188  9:42  Spine Crawler  
  188  9:43  Spore Crawler, Spine Crawler  
  185  9:46  Spore Crawler  
  185  9:48  Spine Crawler  
  185  9:49  Spine Crawler  
  182  9:54  Spine Crawler  
Show
View Real Time Build Order
Export as new Build Order

A.I. 1 (Medium) Protoss 

Build Orders:  

Get SALT Encoding   

  12  0:01  Probe (Chrono Boost)  
  13  0:11  Probe (Chrono Boost)  
  14  0:19  Pylon  
  14  0:22  Probe (Chrono Boost)  
  15  0:38  Probe (Chrono Boost)  
  15  0:40  Gateway  
  16  0:48  Probe (Chrono Boost)  
  16  0:49  Assimilator  
  17  0:59  Probe (Chrono Boost)  
  17  1:01  Pylon  
  18  1:28  Gateway  
  18  1:31  Cybernetics Core  
  18  1:33  Assimilator  
  18  1:36  Zealot  
  20  2:01  Zealot, Warp Gate  
  20  2:05  Pylon  
  22  2:21  Stalker  
  24  2:42  Stalker  
  26  2:58  Pylon  
  26  3:03  Stalker, Probe (Chrono Boost)  
  29  3:15  Probe (Chrono Boost)  
  30  3:22  Forge  
  30  3:26  Adept  
  31  3:27  Probe (Chrono Boost)  
  33  3:39  Probe (Chrono Boost)  
  34  3:47  Stalker  
  34  3:50  Probe (Chrono Boost)  
  37  4:02  Probe (Chrono Boost)  
  38  4:10  Stalker  
  40  6:50  Sentry  
  40  6:51  Probe (Chrono Boost)  
  40  6:52  Photon Cannon  
  40  6:53  Photon Cannon  
  43  6:56  Robotics Facility  
  43  6:59  Nexus, Stargate  
  43  7:02  Twilight Council  
  43  7:03  Sentry  
  43  7:08  Forge  
  43  7:11  Probe (Chrono Boost)  
  43  7:12  Gateway  
  30  7:16  Stalker  
  30  7:22  Probe (Chrono Boost), Pylon  
  29  7:25  Zealot  
  29  7:29  Photon Cannon  
  31  7:33  Probe (Chrono Boost)  
  32  7:39  Adept  
  32  7:43  Observer  
  35  7:45  Probe (Chrono Boost)  
  35  7:53  Sentry  
  35  7:57  Probe (Chrono Boost)  
  38  8:04  Observer  
  39  8:06  Sentry  
  39  8:08  Probe (Chrono Boost)  
  39  8:11  Probe (Chrono Boost)  
  42  8:18  Stalker  
  42  8:19  Probe (Chrono Boost), Assimilator  
  39  8:22  Probe (Chrono Boost)  
  39  8:25  Zealot  
  40  8:28  Void Ray  
  40  8:31  Probe (Chrono Boost), Pylon  
  40  8:33  Probe (Chrono Boost)  
  36  8:43  Zealot  
  24  8:50  Probe (Chrono Boost)  
  13  8:56  Sentry  
  11  9:04  Probe (Chrono Boost)  
  11  9:07  Pylon  
  12  9:10  Sentry  
  12  9:11  Probe (Chrono Boost)  
  7  9:20  Probe (Chrono Boost)  
  8  9:36  Gateway  
Tags
 
Add a new tag
Caveats
  • Supply blocks, unpowered buildings, or Contaminate may cause inaccurate times.
  • Supply counts are checked every 10 seconds.